 Dungeon Crawl Stone Soup version 0.28.0-53-g5a82cb258f (webtiles) character file.

Game seed: 8290929801994404425

63 pkoi the Insei (level 3, -1/29 HPs)
             Began as a Demigod Gladiator on May 25, 2022.
             Slain by a white imp (3 damage)
             ... summoned by Natasha
             ... on level 2 of the Dungeon.
             The game lasted 00:01:26 (2056 turns).

pkoi the Insei (Demigod Gladiator)                  Turns: 2056, Time: 00:01:26

Health: -1/29      AC:  6    Str: 15    XL:     3   Next: 63%
Magic:  5/5        EV: 11    Int: 14    God:
Gold:   49         SH:  0    Dex: 15    Spells: 2/2 levels left

rFire   . . .      SeeInvis .   g - +1 hand axe (venom)
rCold   + . .      Faith    .   (no shield)
rNeg    . . .      Spirit   .   d - +0 ring mail
rPois   .          Reflect  .   b - +0 helmet
rElec   .          Harm     .   (no cloak)
rCorr   .          Rampage  .   (no gloves)
Will    .....                   (no boots)
Stlth   +.........              (no amulet)
HPRegen 0.09/turn               i - ring of protection from cold
MPRegen 0.09/turn               (no ring)

@: no status effects
A: high MP 1, forlorn, divine attributes
a: no special abilities


You were on level 2 of the Dungeon.
You visited 1 branch of the dungeon, and saw 2 of its levels.

You collected 49 gold pieces.

Inventory:

Hand Weapons
 g - a +1 hand axe of venom (weapon)
Missiles
 c - 3 throwing nets (quivered)
Armour
 a - a +0 leather armour
 b - a +0 helmet (worn)
 d - a +0 ring mail (worn)
Jewellery
 i - a ring of protection from cold (left hand)
Scrolls
 h - a scroll of identify {unknown}
 j - a scroll of holy word {unknown}
Potions
 e - a potion of mutation {unknown}
 f - 2 potions of heal wounds {unknown}


   Skills:
 - Level 1.7 Fighting
 - Level 1.7 Throwing
 - Level 2.6 Dodging
 + Level 4.4 Unarmed Combat


You had 2 spell levels left.
You didn't know any spells.
Your spell library contained the following spells:

 Spells                   Type           Power      Damage    Failure   Level
 Animate Skeleton         Necr           0%         N/A       50%         1
 Apportation              Tloc           0%         N/A       50%         1
 Summon Small Mammal      Summ           0%         N/A       50%         1


Dungeon Overview and Level Annotations

Branches:
Dungeon (2/15)

Annotations:
D:2 Natasha


Innate Abilities, Weirdness & Mutations

You have an increased reservoir of magic. (+10% MP)
You shall have no god before yourself.
Your divine heritage dramatically boosts your attributes as you level up.


Message History

You barely miss Natasha. Natasha claws you but does no damage.
Natasha mumbles some strange words.
You hit Natasha.
Natasha is poisoned.
Natasha is moderately wounded.
Natasha casts a spell.
You barely miss Natasha.
Natasha is moderately wounded.
You hit the white imp but do no damage. Natasha claws you but does no damage.
The white imp barely misses you.
Unknown command.
You miss Natasha. Your punch misses Natasha.
Natasha is heavily wounded.
You barely miss the white imp.
Natasha drinks a potion.
Natasha is healed!
Natasha looks more healthy.
The white imp gestures at you. The puff of frost hits you. You resist.
* * * LOW HITPOINT WARNING * * *
Natasha wildly gestures.
Natasha glows brightly for a moment.
Natasha barely misses you.
You hit Natasha.
Natasha is poisoned.
Natasha is lightly wounded.
You hit the white imp but do no damage.
The white imp is poisoned.
The white imp closely misses you. Natasha claws you.
* * * LOW HITPOINT WARNING * * *
You hit Natasha.
Natasha looks as sick as possible!
Natasha is lightly wounded.
You closely miss the white imp. The white imp barely misses you.
Natasha stares at you and mumbles some strange words.
The magic dart hits you.
* * * LOW HITPOINT WARNING * * *
The white imp misses you.
Unknown command.
Unknown command.
You hit Natasha.
Natasha looks as sick as possible!
Natasha is moderately wounded.
You barely miss the white imp.
The white imp disappears in a puff of smoke!
Natasha barely misses you. The white imp hits you.
You die...

#.##........#....#
#.####......#....#
#....#......#....###
#...................
#.##.#.######.......
##>..................
#.....#.###....(.....
#..####.###.......#..
#..5@h5...#.........#
#.#####...#.........#
#.# <..#.........#
#.# ..h#########.#
#.# S..# #. #.# .h.#
#. ...# ##.#


You could see Natasha (extremely poisoned), a white imp (summoned, very
poisoned) and a shadow imp (summoned).

Vanquished Creatures
  3 adders (D:2)
  A dart slug (D:1)
  3 ball pythons
  2 endoplasms (D:2)
  A giant cockroach (D:2)
  3 hobgoblins
  3 jackals (D:1)
  A quokka (D:1)
  5 bats
  A frilled lizard (D:2)
  5 goblins
  2 kobolds
  5 rats
35 creatures vanquished.

Notes
Turn   | Place    | Note
-------+----------+-------------------------------------------
     0 | D:1      | pkoi the Demigod Gladiator began the quest for the Orb.
     0 | D:1      | Reached XP level 1. HP: 17/17 MP: 3/3
    29 | D:1      | Reached skill level 3 in Unarmed Combat
   408 | D:1      | Reached XP level 2. HP: 11/24 MP: 4/4
  1515 | D:2      | Reached skill level 4 in Unarmed Combat
  1515 | D:2      | Reached XP level 3. HP: 10/29 MP: 5/5
  2033 | D:2      | Noticed Natasha
  2056 | D:2      | Slain by a white imp

Illustrated notes

Levels and vault maps discovered:
D:1:      dpeg_arrival_simpleton_c, layout_basic,
          chequers_ecumenical_altar_simple
D:2:      layout_basic, uniq_natasha

Skill      XL: |  1  2 |
---------------+-------+-----
Unarmed Combat | 3 4 |  4.4
Fighting       | |  1.7
Throwing       | |  1.7
Dodging        | |  2.6

Action                   || total
-------------------------++-------
Melee: Unarmed           ||    58
       Hand axe          ||    68
       Punch             ||     2
Armor: Ring mail         ||    38
       Leather armour    ||     9
Dodge: Dodged            ||   116
